 Dungeon Crawl Stone Soup version 0.30-a0-297-g0ec75d9ef4 (webtiles) character file.

Game seed: 8065336963207584364

4514 funkygono the Arsonist (level 10, -4/53 HPs)
             Began as a Gargoyle Fire Elementalist on Oct 19, 2022.
             Was a Follower of Vehumet.
             Engulfed by a smoke demon's steam (8 damage)
             ... summoned by an orc high priest
             ... in a bailey.
             The game lasted 00:19:06 (9886 turns).

funkygono the Arsonist (Gargoyle Fire Elementalist) Turns: 9886, Time: 00:19:07

Health: -4/53      AC: 11    Str: 12    XL:     10   Next: 39%
Magic:  8/22       EV: 12    Int: 20    God:    Vehumet [*.....]
Gold:   436        SH:  0    Dex: 10    Spells: 15/25 levels left

rFire   . . .      SeeInvis .    z - +3 dire flail (protect)
rCold   . . .      Faith    .    (shield currently unavailable)
rNeg    + . .      Spirit   .    a - +0 robe
rPois   ∞          Reflect  .    (no helmet)
rElec   +          Harm     .    f - +1 cloak
rCorr   +          Rampage  .    o - +2 pair of gloves {Stlth+}
Will    .....                    u - +1 pair of boots
Stlth   +++.......               (no amulet)
HPRegen 0.28/turn                e - ring of resist corrosion
MPRegen 0.18/turn                m - ring of wizardry

@: corroded, under a protective aura
A: sickness immunity, AC +7, negative energy resistance 1, electricity
resistance, torment resistance 1, petrification resistance
a: Renounce Religion


You were in a bailey.
You worshipped Vehumet.
Vehumet was aware of your devotion.
You visited 2 branches of the dungeon, and saw 9 of its levels.
You also visited: Bailey.

You collected 436 gold pieces.

Inventory:

Hand Weapons
 c - a +0 club
 h - a +0 whip
 z - a +3 dire flail of protection (weapon)
 B - a +2 whip of pain
 C - a +0 whip of distortion
 K - a +4 scimitar of flaming
Missiles
 A - a throwing net
Armour
 a - a +0 robe (worn)
 f - a +1 cloak (worn)
 l - a +1 pair of gloves
 o - a +2 pair of gloves of stealth (worn)
 u - a +1 pair of boots (worn)
 G - the +2 helmet of Dyramup {rN+ rCorr Int-5}
   (You found it on level 6 of the Dungeon)

   Int:       It affects your intelligence (-5).
   rN:        It protects you from negative energy.
   rCorr:     It protects you from acid and corrosion.
 I - a scarf of resistance
Magical Staves
 n - a staff of death
Jewellery
 e - a ring of resist corrosion (left hand)
 m - a ring of wizardry (right hand)
 y - a ring of willpower
Wands
 d - a wand of light (16)
 D - a wand of roots (27)
Scrolls
 j - 5 scrolls of teleportation
 q - a scroll of blinking
 w - a scroll of identify
 x - a scroll of amnesia
 E - a scroll of vulnerability
 F - a scroll of silence
 H - 2 scrolls of enchant armour
 J - a scroll of noise {unknown}
Potions
 b - a potion of magic
 g - 6 potions of haste
 i - 7 potions of curing
 k - 2 potions of invisibility
 p - 4 potions of heal wounds
 r - a potion of mutation
 s - 2 potions of might
 t - 2 potions of lignification
 v - a potion of attraction


   Skills:
 + Level 2.0 Fighting
 + Level 3.0 Maces & Flails
 + Level 3.2 Dodging
 - Level 2.1 Stealth
 + Level 8.3 Spellcasting
 + Level 7.3 Conjurations
 + Level 0.1 Translocations
 + Level 8.9 Fire Magic
 + Level 0.7 Air Magic


You had 15 spell levels left.
You knew the following spells:

 Your Spells              Type           Power      Damage    Failure   Level
a - Foxfire               Conj/Fire      100%       2x1d9     1%          1
b - Scorch                Fire           88%        2d9       1%          2
c - Kindle Blastsparks    Fire/Tloc/Air  42%        2d13      2%          3
d - Flame Wave            Conj/Fire      41%        2d11      1%          4

Your spell library contained the following spells:

 Spells                   Type           Power      Damage    Failure   Level
 Freeze                   Ice            32%        1d5       3%          1
 Magic Dart               Conj           100%       1d8       1%          1
 Momentum Strike          Conj/Tloc      46%        3d9       1%          2
 Inner Flame              Hex/Fire       26%        N/A       1%          3
 Sting                    Tmut/Pois      32%        1d4       3%          1
 Mephitic Cloud           Conj/Pois/Air  19%        N/A       3%          3
 Blink                    Tloc           16%        N/A       4%          2
 Call Imp                 Summ           8%         N/A       4%          2
 Poisonous Vapours        Pois/Air       18%        N/A       4%          2
 Wereblood                Tmut           8%         N/A       4%          2
 Gell's Gravitas          Tloc           8%         N/A       10%         3
 Lesser Beckoning         Tloc           16%        N/A       10%         3
 Teleport Other           Tloc           8%         N/A       10%         3
 Olgreb's Toxic Radiance  Pois           8%         N/A       32%         4
 Summon Hydra             Summ           4%         N/A       100%        7
 Sublimation of Blood     Necr           Unusable   N/A       N/A         2

Dungeon Overview and Level Annotations

Branches:
Dungeon (8/15)             Temple (1/1) D:7          Bailey (1/1)
   Lair: D:8-11

Altars:
Ashenzari
Cheibriados
Dithmenos
Elyvilon
Fedhas
Gozag
Hepliaklqana
Makhleb
Nemelex Xobeh
Okawaru
Qazlal
Ru
Sif Muna
Trog
Uskayaw
Vehumet
Wu Jian
Xom
Yredelemnul
Zin
The Shining One

Shops:
D:4 !   D:6 (

Annotations:
D:7 2 transporters, Gonzollydolly's ghost, novice DgHu


Innate Abilities, Weirdness & Mutations

You are immune to sickness and miasma.
Your stone body is resilient. (AC +7)
You are immune to poison.
You resist negative energy. (rN+)
You are resistant to electric shocks. (rElec)
You are resistant to unholy torment.
You are immune to petrification.


Message History

The orc high priest is severely wounded.
The orc high priest hits you with a +0 war axe.
The rust devil barely misses you.
You hit the orc high priest but do no damage.
Your weapon exudes an aura of protection.
The orc high priest is severely wounded.
The orc high priest misses you. The rust devil hits you.
The rust devil corrodes you!
The orc high priest hits you but does no damage.
You hit the orc high priest.
The orc high priest is severely wounded.
The rust devil hits you. The rust devil corrodes you!
The orc high priest closely misses you.
Unknown command.
You thump the orc high priest!
The orc high priest is almost dead.
The rust devil hits you. The rust devil corrodes you!
The orc high priest hits you but does no damage.
The rust devil closely misses you.
Casting: Foxfire (safe; 1% risk of failure)
Confirm with . or Enter, or press ? or * to list all spells.
Flames lash the smoke demon.
The smoke demon resists.
The smoke demon is lightly wounded.
The smoke demon's fire resistance burns away.
The chaos spawn degenerates into a cloud of primal chaos!
The orc high priest hits you with a +0 war axe!
The smoke demon gestures at you.
The ball of steam hits the rust devil.
The rust devil resists.
The ball of steam hits you!!
* * * LOW HITPOINT WARNING * * *
The rust devil closely misses you.
You closely miss the orc high priest.
The orc high priest is severely wounded.
You are engulfed in a cloud of scalding steam.
* * * LOW HITPOINT WARNING * * *
The orc high priest barely misses you. The rust devil barely misses you.
You closely miss the orc high priest.
The orc high priest is severely wounded.
You are engulfed in a cloud of scalding steam.
You die...

≈≈≈≈≈≈~.#..)..#######
....# ≈≈≈≈≈≈~.#)8####
#8.# ≈≈≈≈≈≈~.#..# ..#
≈≈≈≈≈≈~.#.8#
≈≈≈≈≈≈~.#..#
≈≈≈≈≈≈~.##'#
≈≈≈≈≈≈~.#..#
≈≈≈≈≈≈~.#.)#
≈≈≈≈≈≈~.#)@#
≈≈≈≈≈≈~.#o4#
≈≈≈≈≈≈~.#.3#
≈≈≈≈≈≈#'#'## ###
≈≈≈≈≈≈#....# ).#
≈≈≈≈≈≈#....# ).#
≈≈≈≈≈≈###..######.##
≈≈≈≈≈ #.'........∩..
≈≈≈≈ ######~~~~~~~~


You could see an orc high priest, a rust devil (summoned) and a smoke demon
(summoned, combustible).

Vanquished Creatures
  Erica (D:8)
  Grinder (D:4)
  The ghost of WhatIsLove the Destroyer, an amateur TeCj of Cheibriados (D:5)
  Sigmund (D:2)
  Eustachio (D:4)
  Menkaure (D:4)
  Edmund (D:5)
  A water moccasin (D:7)
  3 black bears
  4 orc warriors
  2 sky beasts
  3 ogres
  An ice beast (D:6)
  2 centaurs (D:7)
  A phantom (D:6)
  4 kobold brigands
  A bullfrog (D:7)
  3 scorpions
  4 electric eels (Bailey)
  3 howler monkeys
  2 hounds
  2 jellies
  4 orc priests
  2 iguanas (D:6)
  4 orc wizards
  9 gnolls
  6 adders
  A shadow imp (D:5)
  A white imp (D:6)
  2 ufetubi
  2 worms
  2 dart slugs
  26 orcs
  5 endoplasms
  4 giant cockroaches
  21 hobgoblins
  11 jackals
  A quokka (D:4)
  3 training dummies (D:6)
  9 ball pythons
  7 bats
  4 frilled lizards
  21 goblins
  36 kobolds
  2 rats
226 creatures vanquished.

Vanquished Creatures (others)
  740 foxfires
  3 plants (D:6)
  4 toadstools (D:1)
747 creatures vanquished.

Grand Total: 973 creatures vanquished

Notes
Turn   | Place    | Note
-------+----------+-------------------------------------------
     0 | D:1      | funkygono the Gargoyle Fire Elementalist began the quest
                  | for the Orb.
     0 | D:1      | Reached XP level 1. HP: 10/10 MP: 3/3
   157 | D:1      | Found a faded altar of an unknown god.
   248 | D:1      | Reached XP level 2. HP: 15/15 MP: 0/5
   319 | D:1      | Learned a level 2 spell: Scorch
   809 | D:1      | Reached XP level 3. HP: 19/19 MP: 3/6
  1264 | D:1      | Learned a level 3 spell: Kindle Blastsparks
  1293 | D:2      | Noticed Sigmund
  1300 | D:2      | Killed Sigmund
  1301 | D:2      | Reached XP level 4. HP: 24/24 MP: 0/8
  1301 | D:2      | Reached XP level 5. HP: 28/28 MP: 0/9
  1826 | D:2      | Found a basalt altar of Yredelemnul.
  2406 | D:3      | Found a burning altar of Makhleb.
  2406 | D:3      | Found a glowing silver altar of Zin.
  2407 | D:3      | Noticed an angel
  2407 | D:3      | Noticed a blizzard demon
  2896 | D:3      | Reached XP level 6. HP: 32/32 MP: 5/11
  2950 | D:3      | Found a shadowy altar of Dithmenos.
  3346 | D:3      | Reached skill level 5 in Fire Magic
  3536 | D:3      | Learned a level 4 spell: Flame Wave
  3821 | D:4      | Found Tezebymn's Distillery.
  3925 | D:4      | Reached XP level 7. HP: 36/36 MP: 8/13
  3950 | D:4      | Noticed Eustachio
  4130 | D:4      | Killed Eustachio
  4132 | D:4      | Noticed Menkaure
  4136 | D:4      | Killed Menkaure
  4270 | D:4      | Noticed Grinder
  4287 | D:4      | Paralysed by Grinder for 4 turns
  4292 | D:4      | Killed Grinder
  4293 | D:4      | Reached skill level 5 in Spellcasting
  4293 | D:4      | Reached XP level 8. HP: 31/41 MP: 1/15
  4770 | D:5      | Entered Level 5 of the Dungeon
  4957 | D:5      | Reached skill level 5 in Conjurations
  5407 | D:5      | Found a runed translucent gate.
  5408 | D:5      | Found a runed translucent gate.
  5408 | D:5      | Noticed WhatIsLove's ghost (amateur TeCj)
  5409 | D:5      | Found a runed translucent gate.
  5427 | D:5      | Noticed Edmund
  5453 | D:5      | Killed Edmund
  5814 | D:5      | Killed WhatIsLove's ghost
  5815 | D:5      | Reached skill level 1 in Fighting
  5815 | D:5      | Reached XP level 9. HP: 33/47 MP: 7/18
  6157 | D:6      | Reached skill level 1 in Maces & Flails
  6310 | D:6      | Found Paopudu's Firing Range.
  6792 | D:6      | Found a sparkling altar of Nemelex Xobeh.
  6793 | D:6      | Found a glowing golden altar of the Shining One.
  7284 | D:6      | Identified the +2 helmet of Dyramup {rN+ rCorr Int-5}
  7526 | D:7      | Found a staircase to the Ecumenical Temple.
  7532 | Temple   | Entered the Ecumenical Temple
  7702 | Temple   | Became a worshipper of Vehumet
  8359 | D:7      | Found a transporter.
  8370 | D:7      | Reached XP level 10. HP: 53/53 MP: 15/21
  8373 | D:7      | Noticed a moth of wrath
  8494 | D:7      | Found a transporter.
  8494 | D:7      | Noticed Gonzollydolly's ghost (novice DgHu)
  8501 | D:7      | Found a bloodstained altar of Trog.
  9167 | D:8      | Noticed Erica
  9177 | D:8      | Killed Erica
  9211 | D:8      | Found a flagged portal.
  9219 | Bailey   | Entered a bailey
  9671 | Bailey   | Reached * piety under Vehumet
  9671 | Bailey   | Offered knowledge of Freeze by Vehumet.
  9850 | Bailey   | Noticed an orc high priest
  9856 | Bailey   | Noticed a rust devil
  9866 | Bailey   | Noticed a smoke demon
  9886 | Bailey   | Engulfed by a smoke demon's steam

Illustrated notes

Levels and vault maps discovered:
D:1:      ldierk_walled_garden_2, layout_basic, chequers_ecumenical_altar_simple
D:2:      layout_basic, basic_altar, uniq_sigmund
D:3:      layout_loops_corners, grunt_temple_overflow_order_and_chaos_2,
          nicolae_dithmenos_shadow_blocks, minmay_bisected
D:4:      layout_loops_ring, serial_shops, nicolae_shop_crystal,
          kennysheep_generic_room_9, uniq_grinder, uniq_menkaure, uniq_eustachio
D:5:      layout_basic, gammafunk_ghost_nasty_kobolds, uniq_edmund
D:6:      corexii_shantytown, layout_rooms, gammafunk_temple_overflow_statue,
          nicolae_shop_firing_range
D:7:      layout_loops_corners, temple_green, gammafunk_ghost_wrathful_warriors
D:8:      layout_loops_corners, enter_bailey_3, uniq_erica
Temple:   regret_index_temple_sphere_string
Bailey:   bailey_axe_of_yendor_kennysheep, bailey

Skill      XL: |  1  2  3  4  5  6  7  8  9 10 |
---------------+-------------------------------+-----
Dodging        | 2 3 |  3.2
Spellcasting   | 3 4 5 6 7 8 |  8.3
Conjurations   | 2 4 5 6 7 |  7.3
Fire Magic     | 4 5 7 8 |  8.9
Fighting       | 1 2 |  2.0
Maces & Flails | 1 3 |  3.0
Stealth        | |  2.1
Translocations | |  0.1
Air Magic      | |  0.7

Action                   |  1- 3 |  4- 6 |  7- 9 | 10-12 || total
-------------------------+-------+-------+-------+-------++-------
Melee: Unarmed           |     3 |       |       |       ||     3
       Club              |     7 |       |       |       ||     7
       Whip              |       |     2 |    27 |       ||    29
       Dire flail        |       |       |     3 |    16 ||    19
 Cast: Foxfire           |    48 |    95 |   198 |    89 ||   430
       Scorch            |     1 |     4 |    37 |     6 ||    48
       Flame Wave        |       |       |     3 |     2 ||     5
       Kindle Blastspark |       |       |     2 |       ||     2
  Use: Scroll            |     1 |     7 |    12 |     2 ||    22
 Stab: Sleeping          |       |       |     1 |       ||     1
Armor: Robe              |     8 |     4 |    44 |    21 ||    77
Dodge: Dodged            |    13 |    17 |    53 |    28 ||   111

Table legend: (Time is in decaauts)
 A = Elapsed time spent in this place.
 B = Non-inter-level travel time spent in this place.
 C = Inter-level travel time spent in this place.
 D = Time resting spent in this place.
 E = Time spent auto-exploring this place.
 F = Levels seen in this place.
 G = Mean time per level.
                   A        B        C        D        E       F      G
               +--------+--------+--------+--------+--------+-----+--------+
         Total |   9894 |   9520 |    374 |    645 |   7144 |  10 |  989.4 |
       Dungeon |   9033 |   8682 |    351 |    335 |   6919 |   8 | 1129.1 |
        Temple |    192 |    170 |     22 |      0 |    124 |   1 |  192.0 |
        Bailey |    668 |    668 |      0 |    310 |    101 |   1 |  668.0 |
               +--------+--------+--------+--------+--------+-----+--------+

Top non-repeatable levels by time:
     D:3: 1394 daAuts
     D:6: 1384 daAuts
     D:1: 1276 daAuts
     D:5: 1249 daAuts
     D:7: 1180 daAuts
     D:2: 1088 daAuts
     D:4: 1087 daAuts
  Bailey: 668 daAuts
     D:8: 372 daAuts
  Temple: 192 daAuts
